 Dungeon Crawl Stone Soup version 0.32-a0-120-gfac0567ad4 (webtiles) character file.

Game seed: 16442301827005652403

0 Bravepunisher the Ducker (level 1, 0/11 HPs)
             Began as a Spriggan Monk on Feb 6, 2024.
             Was a Believer of Makhleb.
             Slain by an orc
             ... wielding a +0 falchion
              (5 damage)
             ... on level 5 of the Dungeon.
             The game lasted 00:02:23 (541 turns).

Bravepunisher the Ducker (Spriggan Monk)             Turns: 541, Time: 00:02:24

Health: 0/11       AC:  2    Str:  7    XL:     1   Next: 8%
Magic:  2/2        EV: 18    Int: 11    God:    Makhleb [**....]
Gold:   41         SH:  0    Dex: 17    Spells: 0/0 levels left

rFire   + . .        a - +0 short sword
rCold   . . .        (no shield)
rNeg    . . .        b - +0 robe
rPois   .            (helmet restricted)
rElec   .            (no cloak)
rCorr   .            (gloves unavailable)
SInv    +            (boots unavailable)
Will    .....        (no amulet)
Stlth   ++           d - ring of protection from fire
HPRegen 0.21/turn    (no ring)
MPRegen 0.08/turn

%: no passive effects
@: very quick
A: very small, no large weapons, unfitting armour, see invisible, speed 3
a: Renounce Religion, Minor Destruction


You were on level 5 of the Dungeon.
You worshipped Makhleb.
Makhleb was pleased with you.
You visited 1 branch of the dungeon, and saw 5 of its levels.

You collected 41 gold pieces.

Inventory:

Hand Weapons
 a - a +0 short sword (weapon)
Armour
 b - a +0 robe (worn)
Jewellery
 d - a ring of protection from fire (left hand)
Scrolls
 e - a scroll of fear {unknown}
Potions
 c - a potion of ambrosia


   Skills:
 + Level 2.4 Fighting
 - Level 3.2 Short Blades
 + Level 4.0 Dodging
 * Level 0.0 Invocations


You couldn't memorise any spells.
You didn't know any spells.
Your spell library contained the following spells:

 Spells                   Type           Power      Damage    Failure   Level
 Dazzling Flash           Conj/Hex       0%         N/A       71%         3
 Volatile Blastmotes      Fire/Tloc      0%         2d10      71%         3
 Starburst                Conj/Fire      0%         6d3       100%        6
 Maxwell's Capacitive Co  Air            0%         ∞         100%        8


Dungeon Overview and Level Annotations

Branches:
Dungeon (5/15)
 Temple: D:4-7

Altars:
Gozag
Makhleb

Annotations:
D:4 Sigmund


Innate Abilities, Weirdness & Mutations

You are very small and have problems with some larger weapons.
You are too small for most types of armour.
You have supernaturally acute eyesight. (SInv)
You cover ground extremely quickly. (Speed+++)


Message History

Found 4 poisoned darts.
The black bear growls angrily.
Found a stone staircase leading down.
You open the door.
There is an open door here.
You open the door.
There is an open door here.
Found a stone staircase leading up.
There is a stone staircase leading up here.
You climb upwards.
Level annotation: Sigmund
There is a stone staircase leading down here.
You climb downwards.
You hear the hiss of flowing sand.
There is an entrance to an ossuary on this level.
Hurry and find it before the portal is buried!
There is a stone staircase leading up here.
e - a scroll labelled BEGUOMYVIM You hear the slow hiss of a distant avalanche of sand.
Found an opulent altar of Gozag.
Found a burning altar of Makhleb.
There is a burning altar of Makhleb here.
You kneel at the altar of Makhleb.
Makhleb welcomes you!
You can now gain health from killing.
You can now harness Makhleb's destructive might.
The black bear growls angrily.
A black bear is nearby!
The orc shouts!
You closely miss the orc.
You hear the slow hiss of a distant avalanche of sand.
The orc hits you with a +0 falchion!
Ouch! That really hurt!
You hit the orc but do no damage. The orc barely misses you.
You hit the orc. You punch the orc, but do no damage.
The orc is lightly wounded.
The orc misses you.
You hit the orc.
The orc is heavily wounded.
The orc hits you with a +0 falchion.
You die...

# ########....##.#.#
#.# #
#.....#..#.#<#.#.#
#.# #
#.....'..#.#.#.#.#
#.# #
#.....##.#.#.#.#.#
#.#
###.....##.#.#.#.#.#
#.#
..'.....##.#.#.#.#.#
#.#
.##.....##.#...#.#.#
#.#
>##....###.#####o#.#
#.# .##....#
#......@#.# #.#
.##.......#........#
#.#
.#........+........#
#.#
.#.###....#.......##
#.# .#.
....#.......# #.# .#
#######.......# #.#
# #.............#
#.#
#.##.≈≈≈≈≈≈≈≈≈...#
#.#
#...h≈.......≈...#
#.#


You could see an orc.

Vanquished Creatures
  A kobold (D:2)
1 creature vanquished.

Notes
Turn   | Place    | Note
-------+----------+-------------------------------------------
     0 | D:1      | Bravepunisher the Spriggan Monk began the quest for the
                  | Orb.
     0 | D:1      | Reached XP level 1. HP: 11/11 MP: 2/2
   148 | D:4      | Noticed a hound
   174 | D:4      | Noticed Sigmund
   175 | D:4      | Noticed a bombardier beetle
   244 | D:4      | Noticed a scorpion
   292 | D:5      | Entered Level 5 of the Dungeon
   362 | D:5      | Noticed an orc wizard
   376 | D:5      | Noticed a black bear
   406 | D:4      | Noticed a jelly
   485 | D:5      | Found an opulent altar of Gozag.
   486 | D:5      | Found a burning altar of Makhleb.
   507 | D:5      | Became a worshipper of Makhleb the Destroyer
   507 | D:5      | Reached * piety under Makhleb
   507 | D:5      | Reached ** piety under Makhleb
   541 | D:5      | Slain by an orc

Illustrated notes

Levels and vault maps discovered:
D:1:      dpeg_arrival_tiny_i, layout_basic
D:2:      layout_loops_cross, chequers_ecumenical_altar_lobes,
          palyth_stone_intersect, minmay_misc_feat_enclosed
D:3:      layout_basic, uniq_crazy_yiuf_cottage
D:4:      minmay_chambers_of_twos, layout_basic,
          mainiacjoe_overflow_six_doors_small, grunt_ministairs_2,
          serial_park_tiny_2, minmay_misc_feat_rows, uniq_sigmund
D:5:      layout_basic, zin_purify, mainiacjoe_overflow_catwalk_spiral,
          mainiacjoe_ossuary_entry_find_the_door, chequers_arboretum

Action                     || total
---------------------------++-------
  Melee: Short sword       ||     8
         Punch             ||     1
 Armour: Robe              ||    10
  Dodge: Dodged            ||    39

Table legend: (Time is in decaauts)
 A = Elapsed time spent in this place.
 B = Non-inter-level travel time spent in this place.
 C = Inter-level travel time spent in this place.
 D = Time resting spent in this place.
 E = Time spent auto-exploring this place.
 F = Levels seen in this place.
 G = Mean time per level.
                   A        B        C        D        E       F      G
               +--------+--------+--------+--------+--------+-----+--------+
         Total |    341 |    323 |     18 |      0 |    144 |   5 |   68.2 |
       Dungeon |    341 |    323 |     18 |      0 |    144 |   5 |   68.2 |
               +--------+--------+--------+--------+--------+-----+--------+

Top non-repeatable levels by time:
     D:5: 151 daAuts
     D:4: 91 daAuts
     D:2: 75 daAuts
     D:3: 15 daAuts
     D:1: 7 daAuts
